 Dungeon Crawl Stone Soup version 0.30-a0-360-g447f08457e (webtiles) character file.

Game seed: 3196150495585858601

8919 croobank the Fighter (level 11, -7/87 HPs)
             Began as a Mummy Cinder Acolyte on Nov 13, 2022.
             Was a Believer of Ignis.
             Mangled by a wolf (8 damage)
             ... led by Grum
             ... on level 1 of the Lair of Beasts.
             The game lasted 01:04:49 (19953 turns).

croobank the Fighter (Mummy Cinder Acolyte)        Turns: 19953, Time: 01:04:50

Health: -7/87      AC: 10    Str: 18    XL:     11   Next: 16%
Magic:  21/21      EV: 16    Int: 17    God:    Ignis [**....]
Gold:   614        SH:  0    Dex:  8    Spells: 7/24 levels left

rFire   . . .      SeeInvis .    m - +0 hand axe (pain)
rCold   + . .      Faith    +    (no shield)
rNeg    + + +      Spirit   .    J - +2 robe {Will+} rPois āˆž Reflect .
                                 i - +0 helmet
rElec   .          Harm     .    S - scarf {shadows}
rCorr   .          Rampage  .    g - +0 pair of gloves
Will    ++...                    (no boots)
Stlth   ..........               (no amulet)
HPRegen 0.34/turn                a - +4 ring of protection
MPRegen 0.17/turn                y - +4 ring of evasion

@: silenced
A: cold resistance 1, negative energy resistance 3, torment resistance 2, heat
vulnerability 1, in touch with death 1, no potions, faith
a: Renounce Religion


You were on level 1 of the Lair of Beasts.
You worshipped Ignis.
Ignis was pleased with you.
You visited 3 branches of the dungeon, and saw 12 of its levels.
You also visited: Sewer and Bailey.

You collected 614 gold pieces.

Inventory:

Hand Weapons
 b - a +3 vorpal sling
 d - a +3 great sword
 e - a +0 war axe
 k - a +0 short sword of draining
 m - a +0 hand axe of pain (weapon)
 p - a +0 flail
 x - a +3 halberd of venom
 z - a +0 arbalest
 C - a +0 scimitar of protection
 D - a +3 dagger
 E - a +0 vorpal shortbow
 F - a +2 battleaxe
 G - a +0 dire flail
 H - a +2 whip of freezing
 I - a +0 whip
 K - a +0 dagger of protection
Missiles
 c - 19 poisoned darts
 n - 5 boomerangs
 s - 3 javelins
 t - a throwing net (quivered)
 Q - 3 datura-tipped darts
Armour
 g - a +0 pair of gloves (worn)
 i - a +0 helmet (worn)
 j - a +0 ring mail
 q - a +0 crystal plate armour
 r - a +1 leather armour of willpower
 J - a +2 robe of willpower (worn)
 S - a scarf of shadows (worn)
Magical Staves
 B - a staff of conjuration
Jewellery
 a - a +4 ring of protection (left hand)
 y - a +4 ring of evasion (right hand)
 P - a ring of wizardry
 R - an amulet of regeneration
Wands
 h - a wand of mindburst (3)
 M - a wand of charming (5)
Scrolls
 f - 3 scrolls of poison
 l - a scroll of identify
 o - a scroll of vulnerability
 u - a scroll of noise
 A - a scroll of immolation
 N - a scroll of amnesia


   Skills:
 * Level 8.9 Fighting
 * Level 0.0 Ranged Weapons
 + Level 4.7 Dodging
 - Level 7.4 Unarmed Combat
 + Level 7.0 Spellcasting
 + Level 3.4 Hexes
 + Level 0.4 Summonings
 + Level 3.2 Transmutations
 - Level 5.0 Fire Magic
 + Level 3.3 Ice Magic
 + Level 3.2 Air Magic


You had 7 spell levels left.
You knew the following spells:

 Your Spells              Type           Power      Damage    Failure   Level
a - Scorch                Fire           46%        2d7       2%          2
b - Ensorcelled Hibernat  Hex/Ice        34%        N/A       4%          2
c - Swiftness             Air            17%        N/A       9%          3
d - Passwall              Tmut/Erth      9%         N/A       9%          2
e - Poisonous Vapours     Pois/Air       22%        N/A       9%          2
f - Summon Guardian Gole  Hex/Summ       12%        N/A       16%         3
g - Mephitic Cloud        Conj/Pois/Air  9%         N/A       22%         3

Your spell library contained the following spells:

 Spells                   Type           Power      Damage    Failure   Level
 Summon Small Mammal      Summ           28%        N/A       10%         1
 Cigotuvi's Dreadful Rot  Necr/Pois/Air  28%        N/A       11%         2
 Call Canine Familiar     Summ           7%         N/A       28%         3
 Petrify                  Tmut/Erth      11%        N/A       52%         4
 Fireball                 Conj/Fire      7%         3d5       75%         5
 Freezing Cloud           Conj/Ice/Air   6%         6-21      78%         5
 Irradiate                Conj/Tmut      5%         3d13      86%         5
 Simulacrum               Ice/Necr       8%         N/A       100%        6
 Lehudib's Crystal Spear  Conj/Erth      3%         10d2      100%        8
 Polar Vortex             Ice            8%         N/A       100%        9
 Sublimation of Blood     Necr           Unusable   N/A       N/A         2

Dungeon Overview and Level Annotations

Branches:
Dungeon (10/15)            Temple (1/1) D:4            Lair (1/5) D:8
    Orc (0/2) D:10          Sewer (visited)          Bailey (visited)

Altars:
Ashenzari
Cheibriados
Dithmenos
Fedhas
Gozag
Hepliaklqana
Kikubaaqudgha
Makhleb
Nemelex Xobeh
Okawaru
Qazlal
Ru
Sif Muna
Trog
Uskayaw
Vehumet
Wu Jian
Xom
Yredelemnul

Shops:
D:2 (

Annotations:
Lair:1 Grum


Innate Abilities, Weirdness & Mutations

You are immune to poison.
Your flesh is cold resistant. (rC+)
You are immune to negative energy. (rN+++)
You are immune to unholy pain and torment.
You are vulnerable to heat. (rF-)
You are in touch with the powers of death.
You do not drink.
You have a special connection with the divine. (Faith)


Message History

The wolf barely misses you. The wolf closely misses you.
The wolf attacks as you move away! The wolf barely misses you.
The wolf attacks as you move away! The wolf misses you. x2
The wolf attacks as you move away! The wolf closely misses you.
The wolf bites you but does no damage.
The wolf misses you. x2; The wolf bites you but does no damage.
The wolf attacks as you move away! The wolf bites you.
* * * LOW HITPOINT WARNING * * *
Magic scrolls do not work when you're silenced!
Unknown command.
Okay, then.
The wolf attacks as you move away! The wolf bites you but does no damage.
Unknown command.
The wolf attacks as you move away! The wolf barely misses you.
The wolf bites you.
* * * LOW HITPOINT WARNING * * *
The wolf completely misses you. The wolf misses you.
The wolf attacks as you move away! The wolf misses you.
The wolf bites you but does no damage. x2
The wolf attacks as you move away! The wolf bites you!
* * * LOW HITPOINT WARNING * * *
The wolf bites you but does no damage. The wolf misses you.
The wolf bites you but does no damage.
Aiming: Charm
Press: ? - help, Shift-Dir - straight line, f - wolf
Aim: a wolf (silenced, chance to affect: 49%)
The wolf resists with some effort.
The wolf closely misses you. The wolf barely misses you.
The wolf closely misses you. The wolf misses you.
The wolf bites you but does no damage.
Throw: 2 throwing nets
Press: ? - help, Q - select action, (/) - cycle Shift-Dir - straight line, f/p - wolf
Aim: a wolf (silenced, 40% to hit)
You throw a throwing net. The throwing net hits the wolf.
The wolf is caught in the net!
The wolf struggles against the net.
The wolf bites you.
* * * LOW HITPOINT WARNING * * *
Grum barely misses you. The wolf closely misses you.
The wolf struggles against the net.
The wolf bites you!
You die...

............. ##...#..........
............. #...............
##ā‰ˆ..###....
####.#..#..........
#ā‰ˆ#...~.....
P#......#.......... ##P..###....
........#.......... ............
##..Y..#.....Y..... ............
#.#g..####....P...
.......#~##...##.h#Y.P####..Y....
.###..~~~~# #...@h.....# #.......
.###...~~~#......h.....###Y......
.Pā‰ˆ#. #...########.#.....#...
.###. ... #P.....###... ..... ..
######P# #... ###.# # ### ####


You could see Grum, 2 yaks and 3 wolves.

Vanquished Creatures
  Pikel (D:8)
  3 elephants (Lair:1)
  A black mamba (Lair:1)
  3 cane toads (Lair:1)
  A komodo dragon (Lair:1)
  2 hornets (D:10)
  3 spriggans (Bailey)
  A wraith (D:9)
  2 wyverns (Lair:1)
  A steam dragon (Bailey)
  4 water moccasins
  A sky beast (D:5)
  3 black bears
  2 orc warriors
  A centaur (D:7)
  6 ogres
  2 kobold brigands (Sewer)
  8 bullfrogs
  A necrophage (D:6)
  2 gnoll sergeants (D:8)
  2 scorpions
  10 wights
  4 killer bees (D:9)
  An electric eel (Lair:1)
  A howler monkey (D:6)
  4 orc priests
  2 gnoll boudas
  3 hounds
  4 jellies
  Jessica (D:2)
  2 iguanas (D:5)
  6 orc wizards
  13 adders
  20 gnolls
  4 river rats
  2 shadow imps
  3 ufetubi (D:6)
  3 worms
  27 orcs
  6 ball pythons
  9 endoplasms
  A giant cockroach (D:2)
  11 goblins
  3 hobgoblins
  2 quokkas
  A bat (D:3)
  9 frilled lizards
  10 kobolds
  25 rats
237 creatures vanquished.

Vanquished Creatures (others)
  A black mamba (Lair:1)
  17 foxfires
  9 fungi (Lair:1)
  41 plants (Lair:1)
68 creatures vanquished.

Grand Total: 305 creatures vanquished

Notes
Turn   | Place    | Note
-------+----------+-------------------------------------------
     0 | D:1      | croobank the Mummy Cinder Acolyte began the quest for the
                  | Orb.
     0 | D:1      | Reached XP level 1. HP: 18/18 MP: 2/2
   115 | D:1      | Reached XP level 2. HP: 14/24 MP: 4/4
   308 | D:1      | Found a faded altar of an unknown god.
   539 | D:1      | Learned a level 2 spell: Scorch
   982 | D:2      | Found Odebrenn's Antique Weapon Emporium.
  1094 | D:2      | Gained mutation: You are in touch with the powers of death.
                  | [Mummy growth]
  1094 | D:2      | Reached XP level 3. HP: 29/29 MP: 5/5
  1179 | D:2      | Learned a level 2 spell: Ensorcelled Hibernation
  1231 | D:2      | Got Xoizo's Disquisition on Blows and Bruises
  1293 | D:2      | Reached skill level 1 in Dodging
  1481 | D:2      | Noticed Jessica
  1484 | D:2      | Killed Jessica
  1485 | D:2      | Reached XP level 4. HP: 35/35 MP: 2/7
  2799 | D:3      | Found a shimmering altar of Xom.
  2814 | D:3      | Reached XP level 5. HP: 18/42 MP: 1/8
  2907 | D:3      | Reached skill level 1 in Hexes
  3956 | D:4      | Noticed a black bear
  3965 | D:4      | Killed a black bear
  3966 | D:4      | Reached skill level 4 in Fighting
  3966 | D:4      | Reached skill level 1 in Ice Magic
  3966 | D:4      | Reached XP level 6. HP: 46/48 MP: 1/9
  4242 | D:4      | Found a staircase to the Ecumenical Temple.
  4251 | Temple   | Entered the Ecumenical Temple
  4842 | D:5      | Entered Level 5 of the Dungeon
  5404 | D:4      | Learned a level 3 spell: Swiftness
  5407 | D:4      | Learned a level 2 spell: Passwall
  5511 | D:5      | Reached XP level 7. HP: 55/55 MP: 6/11
  5993 | D:5      | Reached skill level 5 in Fighting
  6141 | D:5      | Found a stormy altar of Qazlal.
  6143 | D:5      | Noticed a water elemental
  6143 | D:5      | Noticed an air elemental
  6143 | D:5      | Noticed a fire elemental
  6256 | D:6      | Reached XP level 8. HP: 62/62 MP: 5/13
  6268 | D:6      | Found a glowing drain.
  6514 | Sewer    | Entered a sewer
  8000 | D:6      | Reached skill level 6 in Fighting
  8000 | D:6      | Reached skill level 5 in Unarmed Combat
  9015 | D:7      | Found an ornate altar of the Wu Jian Council.
  9099 | D:7      | Reached XP level 9. HP: 69/69 MP: 11/16
  9979 | D:7      | Reached skill level 5 in Spellcasting
 10496 | D:6      | Reached skill level 1 in Transmutations
 10720 | D:7      | Reached skill level 1 in Air Magic
 10919 | D:8      | Found a flagged portal.
 10972 | Bailey   | Entered a bailey
 10991 | Bailey   | Reached skill level 7 in Fighting
 11249 | Bailey   | Noticed a two-headed ogre
 11265 | Bailey   | HP: 3/72 [spriggan/+0 trident (12)]
 11894 | D:8      | Reached XP level 10. HP: 49/79 MP: 11/18
 13347 | D:8      | Noticed Pikel
 13371 | D:8      | Killed Pikel
 13709 | D:8      | Found a staircase to the Lair.
 17212 | D:10     | Entered Level 10 of the Dungeon
 17228 | D:10     | Reached skill level 8 in Fighting
 17322 | D:10     | Noticed a two-headed ogre
 17575 | D:10     | Found a staircase to the Orcish Mines.
 17760 | D:10     | Reached skill level 5 in Fire Magic
 17902 | Lair:1   | Entered Level 1 of the Lair of Beasts
 18211 | Lair:1   | Noticed an elephant
 18244 | Lair:1   | Killed an elephant
 18366 | Lair:1   | Learned a level 2 spell: Poisonous Vapours
 18379 | Lair:1   | Noticed an elephant
 18379 | Lair:1   | Noticed an elephant
 18414 | Lair:1   | Killed an elephant
 18690 | Lair:1   | Noticed a black mamba
 18691 | Lair:1   | Killed an elephant
 18920 | D:8      | Learned a level 3 spell: Summon Guardian Golem
 18933 | Lair:1   | Killed a black mamba
 19134 | Lair:1   | Reached XP level 11. HP: 87/87 MP: 18/21
 19574 | Lair:1   | Noticed Grum
 19827 | Lair:1   | Learned a level 3 spell: Mephitic Cloud
 19951 | Lair:1   | HP: 1/87 [wolf[Grum] (9)]
 19953 | Lair:1   | Mangled by a wolf

Illustrated notes

Levels and vault maps discovered:
D:1:      mrwooster_arrival_statue_3, layout_rooms,
          chequers_ecumenical_altar_twisty, minmay_lizard_pond
D:2:      layout_loops_ring, serial_shops, shop, chequers_mini_garden,
          minmay_diced_spiral, uniq_jessica
D:3:      layout_basic, mainiacjoe_overflow_alcove_1
D:4:      layout_basic, minmay_temple_entry_poolview
D:5:      layout_basic, nicolae_qazlal_style_of_elements
D:6:      layout_loops_ring, portal_sewer_entry_a
D:7:      layout_cave_pools, nzn_wu_jian_contemplation
D:8:      layout_cave_pods, lair_entry_dummy, enter_bailey_3, uniq_pikel
D:9:      nicolae_cairo_tiling, layout_layer_cave,
          minmay_misc_feat_secret_circle
D:10:     layout_small_grid, minmay_orc_entry_temple_small, uniq_maurice
Temple:   nicolae_temple_bog_church
Lair:1:   layout_gridlike, hangedman_lair_unloving_vines, serial_bayou_shore_a,
          uniq_grum

Skill      XL: |  1  2  3  4  5  6  7  8  9 10 11 |
---------------+----------------------------------+-----
Spellcasting   | 2 3 4 5 6 7 |  7.0
Dodging        | 1 2 3 4 |  4.7
Unarmed Combat | 3 4 5 6 7 |  7.4
Hexes          | 1 2 3 |  3.4
Fighting       | 4 5 6 7 8 |  8.9
Ice Magic      | 1 2 3 |  3.3
Fire Magic     | 3 4 5 |  5.0
Transmutations | 2 3 |  3.2
Air Magic      | 1 3 |  3.2
Summonings     | |  0.4

Action                   |  1- 3 |  4- 6 |  7- 9 | 10-12 || total
-------------------------+-------+-------+-------+-------++-------
Melee: Unarmed           |   114 |   112 |   113 |    42 ||   381
       Punch             |       |     3 |     1 |     2 ||     6
       Hand axe          |       |       |       |    11 ||    11
 Fire: Sling             |       |       |    74 |    66 ||   140
Throw: Dart              |       |       |     2 |       ||     2
       Throwing net      |       |       |       |     1 ||     1
 Cast: Scorch            |    14 |    49 |   197 |   194 ||   454
       Ensorcelled Hiber |     1 |     5 |       |    10 ||    16
       Poisonous Vapours |       |       |       |     2 ||     2
       Summon Guardian G |       |       |       |     3 ||     3
Invok: Fiery Armour      |       |       |     1 |     2 ||     3
       Foxfire Swarm     |       |       |       |     3 ||     3
Evoke: Wand              |       |     1 |       |     4 ||     5
  Use: Scroll            |     1 |     6 |    13 |     7 ||    27
 Stab: Sleeping          |       |       |       |     1 ||     1
Armor: Robe              |     4 |       |       |    80 ||    84
       Leather armour    |     8 |    51 |   103 |    27 ||   189
       Crystal plate arm |       |    24 |       |       ||    24
Dodge: Dodged            |    57 |    59 |   184 |   299 ||   599

Table legend: (Time is in decaauts)
 A = Elapsed time spent in this place.
 B = Non-inter-level travel time spent in this place.
 C = Inter-level travel time spent in this place.
 D = Time resting spent in this place.
 E = Time spent auto-exploring this place.
 F = Levels seen in this place.
 G = Mean time per level.
                   A        B        C        D        E       F      G
               +--------+--------+--------+--------+--------+-----+--------+
         Total |  20035 |  19501 |    534 |   8948 |   6965 |  14 | 1431.1 |
       Dungeon |  16385 |  15868 |    517 |   7095 |   6244 |  10 | 1638.5 |
        Temple |    204 |    187 |     17 |      0 |    173 |   1 |  204.0 |
          Lair |   1826 |   1826 |      0 |   1190 |     35 |   1 | 1826.0 |
         Sewer |   1308 |   1308 |      0 |    462 |    512 |   1 | 1308.0 |
        Bailey |    309 |    309 |      0 |    201 |      0 |   1 |  309.0 |
               +--------+--------+--------+--------+--------+-----+--------+

Top non-repeatable levels by time:
     D:8: 3789 daAuts
     D:9: 2184 daAuts
     D:6: 1983 daAuts
  Lair:1: 1826 daAuts
     D:7: 1806 daAuts
     D:3: 1524 daAuts
     D:4: 1512 daAuts
     D:5: 1321 daAuts
   Sewer: 1308 daAuts
     D:2: 999 daAuts
     D:1: 846 daAuts
    D:10: 417 daAuts
  Bailey: 309 daAuts
  Temple: 204 daAuts
